 Dungeon Crawl Stone Soup version 0.21.1-1-g345015f (webtiles) character file.

128 shakethe the Chopper (level 4, -8/35 HPs)
             Began as a Demonspawn Gladiator on Feb 25, 2018.
             Mangled by Frank's ghost (11 damage)
             ... on level 3 of the Dungeon.
             The game lasted 00:04:04 (2743 turns).

shakethe the Chopper (Demonspawn Gladiator)         Turns: 2743, Time: 00:04:05

Health: -8/35      AC:  5    Str: 20    XL:     4   Next: 86%
Magic:  4/4        EV: 13    Int: 10    God:
Gold:   95         SH:  0    Dex: 14    Spells: 3/3 levels left

rFire    . . .     SeeInvis .   a - +1 war axe
rCold    . . .     Gourm    .   (no shield)
rNeg     . . .     Faith    .   b - +0 leather armour
rPois    .         Spirit   .   c - +0 helmet
rElec    .         Reflect  .   (no cloak)
rCorr    .         Harm     .   (no gloves)
MR       .....                  m - +0 pair of boots
Stlth    +.........             (no amulet)
HPRegen  0.11/turn              (no ring)
MPRegen  0.09/turn              (no ring)

@: mighty
A: claws 1, powered by pain 1
a: no special abilities


You were on level 3 of the Dungeon.
You were not hungry.

You visited 1 branch of the dungeon, and saw 3 of its levels.

You collected 95 gold pieces.

Inventory:

Hand Weapons
 a - a +1 war axe (weapon)
Missiles
 d - 3 throwing nets {=f, !d}
Armour
 b - a +0 leather armour (worn)
 c - a +0 helmet (worn)
 m - a +0 pair of boots (worn)
   (You found it on level 2 of the Dungeon)
Scrolls
 h - 2 scrolls of remove curse
 l - a scroll of identify
Potions
 e - 3 potions of curing
 g - a potion of flight {unknown}
 i - a potion of ambrosia {unknown}
 j - a potion of berserk rage {!q}
 k - 2 potions of haste {unknown}
Comestibles
 f - 3 rations


   Skills:
 + Level 3.3 Fighting
 * Level 4.2 Axes
 - Level 1.8 Throwing
 - Level 2.9 Dodging


You had 3 spell levels left.
You didn't know any spells.

Dungeon Overview and Level Annotations

Branches:
Dungeon (3/15)

Altars:

Annotations:
D:3 Frank's ghost, weakling OpFi


Innate Abilities, Weirdness & Mutations

You have sharp fingernails.
You sometimes gain a little power by taking damage.


Message History

A frilled lizard comes into view.
Health restored: 35 An adder skeleton comes into view.
The frilled lizard hisses angrily.
The adder skeleton barely misses you.
You barely miss the adder skeleton.
The adder skeleton barely misses you. x2
You slash the adder skeleton! You closely miss the frilled lizard.
The frilled lizard bites you. The adder skeleton closely misses you.
You take 3 damage, and have 32/35 hp.
You slash the adder skeleton!
You destroy the adder skeleton!
You barely miss the frilled lizard.
The frilled lizard bites you but does no damage. x2
You slash the frilled lizard!
You kill the frilled lizard!
No target in view!
No target in view!
You butcher the frilled lizard corpse.
i - a chunk of flesh {@w0@w0} Eating a chunk of flesh {@w0@w0}.
You eat the chunk of flesh {@w0@w0}.
A bat zombie comes into view.
Health restored: 35 The bat zombie closely misses you.
The bat zombie hits you but does no damage.
The bat zombie hits you.
You take 1 damage, and have 34/35 hp.
You hit the bat zombie. The bat zombie barely misses you. x2
The bat zombie closely misses you. The bat zombie barely misses you.
You slash the bat zombie!
You destroy the bat zombie!
No target in view!
No target in view!
No target in view!
No target in view!
No target in view!
No target in view!
No target in view!
No target in view!
i - a viscous pink potion No target in view!
No target in view!
No target in view!
No target in view!
No target in view!
No target in view!
No target in view!
No target in view!
You now have 95 gold pieces (gained 13).
You enter the shallow water.
Moving in this stuff is going to be slow.
l - a scroll of identify Health restored: 35 No target in view!
No target in view!
No target in view!
No target in view!
No target in view!
No target in view!
No target in view!
No target in view!
No target in view!
No target in view!
There is a fountain of clear blue water here.
There is a fountain of clear blue water here.
Done exploring.
No target in view!
No target in view!
No target in view!
Done exploring.
Done exploring.
No target in view!
Done exploring.
Done exploring.
Done exploring.
(D) Dungeon
Where to? (Enter - D:2, ? - help)
There is a stone staircase leading down here.
You climb downwards.
There is a stone staircase leading up here.
Found an escape hatch in the floor.
Frank's ghost (weakling Octopode Fighter) comes into view.
Frank's ghost says, "First you will suffer, then you will die."
You hit Frank's ghost. Frank's ghost barely misses you.
You hit Frank's ghost. Frank's ghost hits you.
You take 1 damage, and have 34/35 hp.
You barely miss Frank's ghost. Frank's ghost hits you!
You focus on the pain.
You feel very mighty all of a sudden.
You take 10 damage, and have 24/35 hp.
MASSIVE DAMAGE!!
You closely miss Frank's ghost. Frank's ghost hits you! Frank's ghost hits you.
You take 11 damage, and have 13/35 hp.
MASSIVE DAMAGE!!
You miss Frank's ghost. Frank's ghost barely misses you.
You closely miss Frank's ghost. Frank's ghost hits you!
* * * LOW HITPOINT WARNING * * *
You take 10 damage, and have 3/35 hp.
MASSIVE DAMAGE!!
You slash Frank's ghost! Frank's ghost barely misses you.
Frank's ghost hits you!
You die...

....#
...###
.>....
.....#
#..#.#
#..#.#
#W##.#
#.###@##<#
#........#
#####.####
#.. #.##
#.. #.#
... #.#


You could see Frank's ghost.

Vanquished Creatures
  5 adders (D:2)
  An adder zombie (D:2)
  3 adder skeletons (D:2)
  2 worms (D:2)
  2 dart slugs (D:1)
  4 orcs (D:2)
  4 bats (D:2)
  2 bat skeletons (D:2)
  2 bat zombies (D:2)
  2 giant cockroaches (D:1)
  4 goblins
  4 hobgoblins (D:2)
  6 jackals (D:1)
  A ball python (D:2)
  4 frilled lizards
  3 kobolds
  2 leopard gecko skeletons (D:2)
  5 rats
56 creatures vanquished.

Notes
Turn   | Place    | Note
-------+----------+-------------------------------------------
     0 | D:1      | shakethe the Demonspawn Gladiator began the quest for the Orb.
     0 | D:1      | Reached XP level 1. HP: 16/16 MP: 1/1
   231 | D:1      | Gained mutation: You have sharp fingernails. [demonic ancestry]
   231 | D:1      | Reached XP level 2. HP: 16/22 MP: 2/2
   549 | D:1      | Reached skill level 3 in Axes
   998 | D:2      | Gained mutation: You sometimes gain a little power by taking damage. [demonic ancestry]
   998 | D:2      | Reached XP level 3. HP: 14/28 MP: 3/3
  1523 | D:2      | Reached skill level 3 in Fighting
  1548 | D:2      | Reached XP level 4. HP: 23/35 MP: 4/4
  1892 | D:2      | Reached skill level 4 in Axes
  2399 | D:2      | Found a faded altar of an unknown god.
  2735 | D:3      | Noticed Frank's ghost (weakling OpFi)
  2742 | D:3      | HP: 3/35 [Frank's ghost (10)]
  2743 | D:3      | Mangled by Frank's ghost

Skill      XL: |  1  2  3  4 |
---------------+-------------+-----
Axes           | 3 4 |  4.2
Fighting       | 3 |  3.3
Throwing       | |  1.8
Dodging        | |  2.9

Action                   |  1- 3 |  4- 6 || total
-------------------------+-------+-------++-------
Melee: War axe           |    95 |   112 ||   207
  Use: Scroll            |       |     3 ||     3
 Stab: Sleeping          |       |     2 ||     2
  Eat: Chunk             |       |     6 ||     6
Armor: Leather armour    |    25 |    41 ||    66
Dodge: Dodged            |    74 |   138 ||   212

Vault maps used:
D:1:      dpeg_arrival_tiny_a
D:2:      cheibrodos_helix_gallery, chequers_ecumenical_altar_twisty,
          serial_undead, serial_undead_b, serial_undead_d, serial_undead_c,
          serial_undead_f, serial_undead_c, serial_undead_b, serial_undead_d,
          serial_undead_c, corexii_shack
D:3:      grunt_dithmenos_smoke_and_mirrors, marbit_many_paths,
          serial_bayou_pond_d, uniq_natasha, uniq_sigmund, uniq_jessica

Table legend:
 A = Turns spent in this place as a percentage of turns spent in the entire game.
 B = Non-inter-level travel turns spent in this place as a percentage of non-inter-level travel turns spent in the entire game.
 C = Inter-level travel turns spent in this place as a percentage of turns spent in this place.
 D = Turns resting spent in this place as a percentage of non-inter-level travel turns spent in this place.
 E = Turns spent auto-exploring this place as a percentage of non-inter-level travel turns spent in this place.
 F = Non-inter-level travel turns spent in this place divided by the number of levels of this place that you've seen.
                   A       B       C       D       E      F
               +-------+-------+-------+-------+-------+----------------------
         Total | 100.0 | 100.0 |   1.3 |  44.1 |  37.5 | 902.7
       Dungeon | 100.0 | 100.0 |   1.3 |  44.1 |  37.5 | 902.7
               +-------+-------+-------+-------+-------+----------------------

Table legend:
 A = Kills in this place as a percentage of kills in entire the game.
 B = Kills by you in this place as a percentage of kills by you in the entire game.
 C = Kills by friends in this place as a percentage of kills by friends in the entire game.
 D = Other kills in this place as a percentage of other kills in the entire game.
 E = Experience gained in this place as a percentage of experience gained in the entire game.
 F = Experience gained in this place divided by the number of levels of this place that you have seen.
                   A       B       C       D       E      F
               +-------+-------+-------+-------+-------+----------------------
         Total | 100.0 | 100.0 |   N/A |   N/A | 100.0 |  61.0
       Dungeon | 100.0 | 100.0 |   N/A |   N/A | 100.0 |  61.0
               +-------+-------+-------+-------+-------+----------------------
